 Dungeon Crawl Stone Soup version 0.31-a0-654-gbe3e110b4e (webtiles) character file.

Game seed: 12755862908545026754

424 Dirtsage the Changeling (level 6, 0/38 HPs)
             Began as an Octopode Shapeshifter on Aug 29, 2023.
             Was an Initiate of the Shining One.
             Slain by a lemure (4 damage)
             ... led by Pikel
             ... on level 4 of the Dungeon on Aug 30, 2023.
             The game lasted 00:07:27 (2532 turns).

Dirtsage the Changeling (Octopode Shapeshifter)     Turns: 2532, Time: 00:07:27

Health: 0/38       AC:  1    Str: 12 (15) XL:     6   Next: 96%
Magic:  6/6        EV: 13    Int: 12 (13) God:    the Shining One [......]
Gold:   109        SH:  0    Dex:  9 (11) Spells: 5/5 levels left

rFire   . .          .
                       - Unarmed
rCold   . . .        (no shield)
rNeg    . . .        (helmet currently unavailable)
rPois   .            (no amulet)
rElec   .            (no ring)
rCorr   .            (no ring)
SInv    .            (no ring)
Will    .....        (no ring)
Stlth   +            (no ring)
HPRegen 0.26/turn    (no ring)
MPRegen 0.10/turn    (no ring)
                     (no ring)

%: no passive effects
@: beast-form, weak-willed, attractive, enlightened, flying, glowing
A: beast (slay +3), almost no armour, amphibious, 8 rings, camouflage 1,
gelatinous body 1, (nimble swimmer 1), tentacles
a: Begin Untransformation, Renounce Religion


You were on level 4 of the Dungeon.
You worshipped the Shining One.
The Shining One was noncommittal.
You were a hulking beast.
You visited 2 branches of the dungeon, and saw 5 of its levels.

You collected 109 gold pieces.

Inventory:

Magical Staves
 l - a staff of death
Jewellery
 m - an amulet of faith
Talismans
 b - a beast talisman (active)
 c - a flux talisman
Wands
 a - a wand of flame (17)
 r - a wand of quicksilver (9)
Scrolls
 e - a scroll of amnesia
 i - 3 scrolls of identify
 k - a scroll of vulnerability
Potions
 g - 2 potions of enlightenment
 h - a potion of degeneration
 p - a potion of mutation {unknown}


   Skills:
 - Level 1.0 Fighting
 - Level 2.0 Dodging
 + Level 5.0 Unarmed Combat
 * Level 6.0 Shapeshifting


You had 5 spell levels left.
You didn't know any spells.
Your spell library contained the following spells:

 Spells                   Type           Power      Damage    Failure   Level
 Call Canine Familiar     Summ           0%         N/A       69%         3
 Portal Projectile        Hex/Tloc       0%         N/A       69%         3
 Tukima's Dance           Hex            0%         N/A       69%         3
 Iskenderun's Mystic Bla  Conj/Tloc      0%         2d3       97%         4
 Leda's Liquefaction      Hex/Erth       0%         N/A       97%         4
 Alistair's Intoxication  Tmut/Pois      0%         N/A       100%        5
 Borgnjor's Vile Clutch   Necr/Erth      0%         N/A       100%        5
 Eringya's Noxious Bog    Tmut/Pois      0%         4d6       100%        6


Dungeon Overview and Level Annotations

Branches:
Dungeon (4/15)             Temple (1/1) D:4

Altars:
Ashenzari
Cheibriados
Dithmenos
Elyvilon
Qazlal
Sif Muna
Trog
Vehumet
Yredelemnul
The Shining One

Shops:
D:2 (

Annotations:
D:4 Pikel


Innate Abilities, Weirdness & Mutations

You are a hulking beast.
Your limbs bulge with bestial killing power. (Slay +3)
You cannot wear most types of armour.
You are amphibious.
You can wear up to eight rings at the same time.
Your skin changes colour to match your surroundings (Stealth+).
Your rubbery body absorbs attacks. (AC +1, EV +1)
((You are camouflaged when in or above water. (Stealth+)))
You have tentacles for arms and can constrict up to eight enemies at once.


Message History

As you read the scroll labelled YNWAOL RYAS, it crumbles to dust.
The creatures around you are filled with an inner flame!
It was a scroll of immolation.
The lemure hits you.
Pikel hits you with a +0 whip of flaming!
Pikel burns you.
You take 11 damage, and have 27/38 hp.
MASSIVE DAMAGE!!
Blink to where?
Press: ? - help, Dir - move target
As you read the scroll of blinking, it crumbles to dust.
The lemure closely misses you. The lemure hits you!
The lemure closely misses you.
You take 8 damage, and have 19/38 hp.
MASSIVE DAMAGE!!
The lemure attacks as it pursues you! The lemure completely misses you.
The lemure attacks as it pursues you! The lemure hits you!
* * * LOW HITPOINT WARNING * * *
The lemure attacks as it pursues you! The lemure barely misses you.
You take 8 damage, and have 11/38 hp.
MASSIVE DAMAGE!!
Okay, then.
It was a potion of enlightenment.
You feel very buoyant.
You fly up into the air.
The lemure hits you.
* * * LOW HITPOINT WARNING * * *
You take 3 damage, and have 8/38 hp.
It was a potion of degeneration.
There was something very wrong with that liquid.
You feel weakened.
You feel dopey.
You feel clumsy. The lemure hits you.
* * * LOW HITPOINT WARNING * * *
The lemure barely misses you.
You take 5 damage, and have 3/38 hp.
It was a potion of magic.
Magic courses through your body. The lemure closely misses you.
The lemure misses you.
Okay, then.
It was a potion of curing.
You feel better. The lemure hits you!
* * * LOW HITPOINT WARNING * * *
The lemure closely misses you.
It was a potion of attraction.
You feel attractive to monsters. The lemure closely misses you.
The lemure hits you.
You die...

#.#.#..# #._.#.'......##.#..
##+#.#....#...#.'.##.#....#..
#....##.###.###.#.......#.#..
#.......###.....####.#...<#.. ##
#.........####### #.#....... .##
#..?.......##+### #.#......# ♣.#
#...............# #.#.......
#.#...###....§§§§§..####.......##
#.# #....§§Kh§..##........... #.#
####.§555§..........##### #.# .
#§§§§####>.......# #.#
....#####§### ##......## ♣.#
.....§§§K§# #......# .##
....####### #.##.### ## . ###...#
#.P.# #...#


You could see Pikel (inner flame, weak-willed) and 3 lemures.

Vanquished Creatures
  Edmund (D:4)
  An ogre (D:4)
  A scorpion (D:4)
  A hound (D:4)
  An iguana (D:4)
  3 adders
  An ufetubus (D:4)
  2 worms
  A dart slug (D:2)
  An orc (D:4)
  8 bats
  5 endoplasms
  A giant cockroach (D:1)
  4 goblins
  5 hobgoblins
  2 jackals (D:1)
  3 quokkas
  9 ball pythons
  A frilled lizard (D:1)
  9 kobolds
  5 rats
65 creatures vanquished.

Notes
Turn   | Place    | Note
-------+----------+-------------------------------------------
     0 | D:1      | Dirtsage the Octopode Shapeshifter began the quest for the
                  | Orb.
     0 | D:1      | Reached XP level 1. HP: 13/13 MP: 1/1
    83 | D:1      | Reached XP level 2. HP: 15/18 MP: 2/2
   414 | D:1      | Reached XP level 3. HP: 23/23 MP: 3/3
   725 | D:2      | Found a faded altar of an unknown god.
   795 | D:2      | Reached skill level 4 in Shapeshifting
   864 | D:2      | Found Qygrink's Weapon Shop.
  1149 | D:3      | Reached XP level 4. HP: 28/28 MP: 4/4
  1350 | D:3      | You fall into a shaft and drop 1 floor!
  1428 | D:4      | Noticed an ogre
  1441 | D:4      | Killed an ogre
  1442 | D:4      | Reached XP level 5. HP: 33/33 MP: 5/5
  1497 | D:4      | Found a staircase to the Ecumenical Temple.
  1503 | Temple   | Entered the Ecumenical Temple
  1512 | Temple   | Became a worshipper of the Shining One
  1582 | D:4      | Found a white marble altar of Elyvilon.
  1593 | D:4      | Reached skill level 5 in Shapeshifting
  1619 | D:4      | Noticed Edmund
  1640 | D:4      | Killed Edmund
  1641 | D:4      | Reached XP level 6. HP: 23/38 MP: 6/6
  2473 | D:4      | Found a broken altar of Ashenzari.
  2508 | D:4      | Reached skill level 5 in Unarmed Combat
  2508 | D:4      | Reached skill level 6 in Shapeshifting
  2519 | D:4      | Noticed Pikel
  2532 | D:4      | Slain by a lemure

Illustrated notes

Levels and vault maps discovered:
D:1:      minmay_arrival_arboretum_small, layout_rooms
D:2:      layout_loops_ring, serial_shops, nicolae_shop_gibbet_a_chance,
          nicolae_ecumenical_oubliette, kennysheep_boxes
D:3:      layout_basic
D:4:      layout_basic, mainiacjoe_overflow_alcove_4,
          mainiacjoe_overflow_boulevard, elyvilon_altar_1,
          minmay_temple_entry_fiery, grunt_ministairs_11, uniq_pikel,
          uniq_edmund, uniq_crazy_yiuf_cottage
Temple:   hellmonk_temple_two_chambers

Skill      XL: |  1  2  3  4  5  6 |
---------------+-------------------+-----
Shapeshifting  | 4 5 6 |  6.0
Unarmed Combat | 4 5 |  5.0
Fighting       | |  1.0
Dodging        | |  2.0

Action                     |  1- 3 |  4- 6 || total
---------------------------+-------+-------++-------
  Melee: Unarmed           |    70 |    65 ||   135
         Constrict         |    18 |    12 ||    30
         Tentacles         |    11 |    13 ||    24
         Punch             |     1 |     3 ||     4
    Use: Potion            |       |     7 ||     7
         Scroll            |       |     6 ||     6
   Stab: Sleeping          |     6 |     2 ||     8
 Armour: Skin              |     6 |    11 ||    17
  Dodge: Dodged            |    36 |    29 ||    65

Table legend: (Time is in decaauts)
 A = Elapsed time spent in this place.
 B = Non-inter-level travel time spent in this place.
 C = Inter-level travel time spent in this place.
 D = Time resting spent in this place.
 E = Time spent auto-exploring this place.
 F = Levels seen in this place.
 G = Mean time per level.
                   A        B        C        D        E       F      G
               +--------+--------+--------+--------+--------+-----+--------+
         Total |   2522 |   2397 |    125 |     27 |   1952 |   5 |  504.4 |
       Dungeon |   2504 |   2387 |    117 |     27 |   1952 |   4 |  626.0 |
        Temple |     18 |     10 |      8 |      0 |      0 |   1 |   18.0 |
               +--------+--------+--------+--------+--------+-----+--------+

Top non-repeatable levels by time:
     D:4: 743 daAuts
     D:2: 692 daAuts
     D:3: 617 daAuts
     D:1: 451 daAuts
  Temple: 18 daAuts
